 Dungeon Crawl Stone Soup version 0.29.1-1-gd02db6906a (webtiles) character file.

Game seed: 8423520278648549099

77 sankara the Trooper (level 4, -4/40 HPs)
             Began as a Hill Orc Fighter on Oct 14, 2022.
             Killed from afar by Ijyb (5 damage)
             ... with a bolt of dispelling energy
             ... on level 3 of the Dungeon.
             The game lasted 00:02:53 (1831 turns).

sankara the Trooper (Hill Orc Fighter)              Turns: 1831, Time: 00:02:53

Health: -4/40      AC: 13    Str: 18    XL:     4   Next: 33%
Magic:  4/4        EV:  6    Int:  8    God:
Gold:   92         SH:  4    Dex: 10    Spells: 3/3 levels left

rFire   . . .      SeeInvis .   a - +0 war axe
rCold   . . .      Faith    .   c - +0 buckler
rNeg    . . .      Spirit   .   f - +0 chain mail
rPois   .          Reflect  .   (no helmet)
rElec   .          Harm     .   (no cloak)
rCorr   .          Rampage  .   (no gloves)
Will    .....      Clarity  +   (no boots)
Stlth   ..........              (no amulet)
HPRegen 0.13/turn               g - +4 ring of protection
MPRegen 0.09/turn               (no ring)

@: lethally poisoned (-4 -> -12)
A: clarity, clumsy 1, wild magic 1, MP-powered wands
a: no special abilities


You were on level 3 of the Dungeon.
You visited 1 branch of the dungeon, and saw 3 of its levels.

You collected 92 gold pieces.

Inventory:

Hand Weapons
 a - a +0 war axe (weapon)
 n - a +0 war axe
 p - a +0 sling
Missiles
 j - 30 stones (quivered)
Armour
 c - a +0 buckler (worn)
 f - a +0 chain mail (worn)
Magical Staves
 i - a staff of death
Jewellery
 g - a +4 ring of protection (left hand)
 m - a ring of wizardry
Scrolls
 h - 2 scrolls of vulnerability {unknown}
 k - 2 scrolls of identify {unknown}
 l - 2 scrolls of immolation {unknown}
 o - a scroll of magic mapping {unknown}
Potions
 d - 3 potions of might


   Skills:
 + Level 4.2 Fighting
 * Level 4.2 Axes
 + Level 3.8 Armour
 + Level 3.8 Shields


You had 3 spell levels left.
You didn't know any spells.
Your spell library contained the following spells:

 Spells                   Type           Power      Damage    Failure   Level
 Beastly Appendage        Tmut           0%         N/A       100%        1
 Wereblood                Tmut           0%         N/A       100%        2
 Spider Form              Tmut/Pois      0%         N/A       100%        3


Dungeon Overview and Level Annotations

Branches:
Dungeon (3/15)

Altars:
Fedhas

Annotations:
D:3 Ijyb


Innate Abilities, Weirdness & Mutations

You possess an exceptional clarity of mind.
You are clumsy. (Dex -2)
Your spells are a little harder to cast, but a little more powerful.
You expend magic power (3 MP) to strengthen your wands.


Message History

You hit Ijyb but do no damage.
Ijyb is severely wounded.
You feel very sick.
Ijyb zaps a wand.
The bolt of dispelling energy hits you!
Ijyb hits you with a +0 dagger of venom.
* * * LOW HITPOINT WARNING * * *
You are lethally poisoned!
It was a potion of mutation.
You feel extremely strange.
You feel your magical essence link to the dungeon's wands.
You feel clumsy.
Your thoughts seem clearer.
You feel less in control of your magic.
* * * LOW HITPOINT WARNING * * *
You feel very sick. You block Ijyb's attack.
Unknown command.
It was a potion of curing.
You feel better. Ijyb hits you but does no damage.
You are poisoned.
Unknown command.
You barely miss Ijyb.
Ijyb is severely wounded.
You feel very sick. Ijyb hits you but does no damage.
You are lethally poisoned!
You barely miss Ijyb.
Ijyb is severely wounded.
* * * LOW HITPOINT WARNING * * *
You feel very sick. Ijyb hits you but does no damage.
You are more poisoned.
You hit Ijyb but do no damage.
Ijyb is severely wounded.
* * * LOW HITPOINT WARNING * * *
You feel very sick. Ijyb barely misses you. x2
You hit Ijyb.
Ijyb is almost dead.
* * * LOW HITPOINT WARNING * * *
You feel very sick.
Ijyb zaps a wand.
The bolt of dispelling energy hits you.
You die...

### #.. #.# #.# #
#g#.# #######@#.#
..........#
###.##########.###
........#
##>####.#.
....###<#
#......... . #.##
#.#####.##
...###).####.#
..............#
.#######.######


You could see Ijyb.

Vanquished Creatures
  A gnoll (D:1)
  2 adders (D:2)
  A dart slug (D:1)
  An orc (D:3)
  8 bats
  7 endoplasms
  A giant cockroach (D:2)
  4 goblins
  2 hobgoblins (D:1)
  2 quokkas (D:1)
  5 ball pythons
  3 frilled lizards
  4 kobolds
  2 rats
43 creatures vanquished.

Notes
Turn   | Place    | Note
-------+----------+-------------------------------------------
     0 | D:1      | sankara the Hill Orc Fighter began the quest for the Orb.
     0 | D:1      | Reached XP level 1. HP: 19/19 MP: 1/1
   148 | D:1      | Reached XP level 2. HP: 25/27 MP: 2/2
   324 | D:1      | Reached XP level 3. HP: 10/33 MP: 3/3
  1142 | D:2      | Found a blossoming altar of Fedhas.
  1217 | D:2      | Reached XP level 4. HP: 36/40 MP: 4/4
  1473 | D:2      | Found a faded altar of an unknown god.
  1817 | D:3      | Noticed Ijyb
  1826 | D:3      | Gained mutation: You expend magic power (3 MP) to
                  | strengthen your wands. [potion of mutation]
  1826 | D:3      | Gained mutation: You are clumsy. (Dex -2) [potion of
                  | mutation]
  1826 | D:3      | Gained mutation: You possess an exceptional clarity of
                  | mind. [potion of mutation]
  1826 | D:3      | Gained mutation: Your spells are a little harder to cast,
                  | but a little more powerful. [potion of mutation]
  1831 | D:3      | HP: 1/40 [poisoned by Ijyb]
  1831 | D:3      | Killed from afar by Ijyb

Illustrated notes

Levels and vault maps discovered:
D:1:      ncdulo_wetmaze, layout_rooms, solitary_fountain,
          minmay_tree_intersection
D:2:      layout_basic, shapermc_ecumenical_altar_pompeii, basic_altar
D:3:      layout_loops_ring, uniq_natasha, uniq_ijyb

Skill      XL: |  1  2  3 |
---------------+----------+-----
Axes           | 3 4 |  4.2
Fighting       | 4 |  4.2
Armour         | |  3.8
Shields        | |  3.8

Action                   |  1- 3 |  4- 6 || total
-------------------------+-------+-------++-------
Melee: War axe           |    71 |    44 ||   115
  Use: Potion            |       |     2 ||     2
Armor: Scale mail        |    23 |       ||    23
       Chain mail        |    19 |    42 ||    61
Dodge: Dodged            |    27 |    25 ||    52
Block: Buckler           |    17 |    10 ||    27
